 Dungeon Crawl Stone Soup version 0.18-a0-1649-g8d9735b (webtiles) character file.

103 JohnFord the Magician (level 4, -5/21 HPs)
             Began as a Spriggan Conjurer on Mar 29, 2016.
             Killed by divine providence
             ... invoked by an orc priest
              (15 damage)
             ... on level 3 of the Dungeon.
             The game lasted 00:05:29 (2548 turns).

JohnFord the Magician (Spriggan Conjurer)           Turns: 2548, Time: 00:05:30

Health: -5/21      AC:  2    Str:  2    XL:     4   Next: 51%
Magic:  5/12       EV: 18    Int: 17    God:
Gold:   126        SH:  0    Dex: 16    Spells: 2 memorised, 11 levels left

rFire  . . .     SeeInvis +     a - +1 dagger (flame)
rCold  . . .     Gourm    .     e - +0 robe
rNeg   . . .     Faith    +     (shield restricted)
rPois  .         Spirit   .     (helmet restricted)
rElec  .         Dismiss  .     (no cloak)
rCorr  .         Reflect  .     (gloves unavailable)
SustAt .         Harm     .     (boots unavailable)
MR     .....                    n - amulet of faith
Stlth  +++.......               (no ring)
                                d - -2 ring of strength (curse)

@: very quick, not resistant to hostile enchantments, fairly stealthy
A: unfitting armour, see invisible, herbivore 3, speed 3, slow metabolism 2
a: no special abilities


You were on level 3 of the Dungeon.
You were not hungry.

You visited 1 branch of the dungeon, and saw 3 of its levels.

You collected 126 gold pieces.

Inventory:

Hand Weapons
 a - a +1 dagger of flaming (weapon)
Armour
 e - a +0 robe (worn)
Jewellery
 d - a cursed -2 ring of strength (left hand)
 n - an amulet of faith (around neck)
Scrolls
 g - a scroll of magic mapping
 k - a scroll of fear {unknown}
Potions
 f - a potion of cure mutation
 h - a potion of ambrosia {unknown}
 i - a potion of mutation {unknown}
 j - 2 potions of curing {unknown}
 l - a potion of berserk rage {unknown}
 m - a potion of agility {unknown}
Books
 b - a book of Conjurations

   Spells                             Type                      Level
   a - Magic Dart                     Conjuration                  1
   b - Searing Ray                    Conjuration                  2
   c - Dazzling Spray                 Conjuration/Hexes            3
   d - Fulminant Prism                Conjuration/Hexes            4
   e - Iskenderun's Mystic Blast      Conjuration                  4
   f - Iskenderun's Battlesphere      Conjuration/Charms           5
Comestibles
 c - 2 bread rations
 o - a slice of pizza


   Skills:
 - Level 3.0 Dodging
 - Level 3.0 Stealth
 + Level 5.9 Spellcasting
 - Level 2.9 Conjurations


You had 11 spell levels left.
You knew the following spells:

 Your Spells              Type           Power        Failure   Level  Hunger
a - Magic Dart            Conj           ###.         4%          1    None
b - Searing Ray           Conj           ###...       10%         2    None


Dungeon Overview and Level Annotations

Branches:
Dungeon (3/15)

Altars:
Ashenzari
Cheibriados
Dithmenos
Elyvilon
Fedhas
Makhleb
Xom
Zin
The Shining One

Annotations:
D:3 Feta's ghost, amateur FoFi


Innate Abilities, Weirdness & Mutations

You are tiny and cannot use many weapons and most armour.
You have supernaturally acute eyesight.
You are a herbivore.
You cover ground extremely quickly.
You need consume almost no food.


Message History

Casting: Searing Ray
Confirm with . or Enter, or press ? or * to list all spells.
You can't see any susceptible monsters within range! (Use Z to cast anyway.)
Casting: Searing Ray
Confirm with . or Enter, or press ? or * to list all spells.
Aiming: Magic Dart
Press: ? - help, Shift-Dir - straight line, f - orc priest
Aim: an orc priest, wielding a trident and wearing a leather armour The magic dart hits the orc priest.
The orc priest is lightly wounded.
The orc priest mumbles some strange prayers to Beogh against you.
Pain shoots through your body!
Ouch! That really hurt!
Casting: Magic Dart
Confirm with . or Enter, or press ? or * to list all spells.
You can't see any susceptible monsters within range! (Use Z to cast anyway.)
The orc priest mumbles some strange prayers to Beogh against you.
Beogh smites you!
Ouch! That really hurt!
You die...

.........)..o....
#.#....#.#.o...# #
#.#..#)#.o....
#.#....#(#. <#.#
#.....)#.#. # >
###.....#)#.
........#.#†#######
####.##÷..#........
#.@......###.....).
#..†#.....##.......
#......o..##.......
#...............###
#...........##.#...
+(..........'W.#.##
#.....#.....####.##
#.....#.....####...
#.....#......)....(


You could see an orc priest.

Vanquished Creatures
  A hound (D:2)
  An adder (D:3)
  A worm (D:3)
  2 dart slugs
  5 orcs (D:3)
  A ball python (D:1)
  5 bats
  4 giant cockroaches (D:2)
  5 hobgoblins (D:1)
  7 jackals
  5 kobolds
  A quokka (D:2)
  3 giant newts
  5 goblins
  5 rats
51 creatures vanquished.

Notes
Turn   | Place    | Note
--------------------------------------------------------------
     0 | D:1      | JohnFord the Spriggan Conjurer began the quest for the Orb.
     0 | D:1      | Reached XP level 1. HP: 9/9 MP: 5/5
    59 | D:1      | Reached skill level 3 in Spellcasting
   209 | D:1      | Reached XP level 2. HP: 12/13 MP: 4/7
   222 | D:1      | Learned a level 2 spell: Searing Ray
   701 | D:1      | Reached skill level 4 in Spellcasting
  1188 | D:2      | Reached XP level 3. HP: 16/16 MP: 9/9
  1443 | D:2      | Found a burning altar of Makhleb.
  1451 | D:2      | Reached skill level 5 in Spellcasting
  1509 | D:2      | Reached XP level 4. HP: 12/21 MP: 7/12
  2025 | D:3      | Found a glowing golden altar of the Shining One.
  2025 | D:3      | Found a snail-covered altar of Cheibriados.
  2025 | D:3      | Found a shadowy altar of Dithmenos.
  2025 | D:3      | Found a shimmering altar of Xom.
  2025 | D:3      | Found a white marble altar of Elyvilon.
  2025 | D:3      | Found a shattered altar of Ashenzari.
  2025 | D:3      | Found a blossoming altar of Fedhas.
  2034 | D:3      | Found a glowing silver altar of Zin.
  2178 | D:3      | Noticed Feta's ghost (amateur FoFi)
  2548 | D:3      | Killed from afar by an orc priest

Vault maps used:
D:1:      dpeg_arrival_tiny_j
D:2:      makhleb_heckhound_becter, minmay_misc_feat_chi, grunt_ministairs_7,
          serial_bayou_pond_a, grunt_decor_resistance, glass_columns_b
D:3:      grunt_temple_overflow_open, first_bread

Skill      XL: |  1  2  3 |
---------------+----------+-----
Spellcasting   | 3 4 5 |  5.9
Dodging        | |  3.0
Stealth        | |  3.0
Conjurations   | |  2.9

Action                   |  1- 3 |  4- 6 || total
-------------------------+-------+-------++-------
Melee: Dagger            |    67 |    21 ||    88
       Unarmed           |     2 |       ||     2
 Cast: Magic Dart        |    48 |    13 ||    61
       Searing Ray       |       |     7 ||     7
  Use: Scroll            |     5 |       ||     5
 Stab: Sleeping          |    10 |     2 ||    12
